 Dungeon Crawl Stone Soup version 0.20.1-1-g8b1a95d (webtiles) character file.

234 vatarom the Gusty (level 6, -4/35 HPs)
             Began as a Tengu Air Elementalist on Oct 18, 2017.
             Slain by Grinder (5 damage)
             ... on level 4 of the Dungeon.
             The game lasted 00:09:17 (3747 turns).

vatarom the Gusty (Tengu Air Elementalist)          Turns: 3747, Time: 00:09:18

Health: -4/35      AC:  3    Str:  8    XL:     6   Next: 5%
Magic:  8/11       EV: 12    Int: 18    God:
Gold:   152        SH:  0    Dex: 14    Spells: 0/10 levels left

rFire    . . .     SeeInvis .   b - +0 hunting sling
rCold    . . .     Gourm    +   (no shield)
rNeg     . . .     Faith    .   n - +1 robe
rPois    .         Spirit   .   (helmet restricted)
rElec    .         Reflect  .   (no cloak)
rCorr    .         Harm     .   (no gloves)
MR       .....                  (boots unavailable)
Stlth    ++........             m - amulet of the gourmand
Regen    0.2/turn               i - ring of flight
MPRegen  0.2/turn               (no ring)

@: lethally poisoned (-4 -> -9)
A: beak, talons 3, able to fly 1
a: Fly, Evoke Flight


You were on level 4 of the Dungeon.
You were not hungry.

You visited 2 branches of the dungeon, and saw 5 of its levels.

You collected 152 gold pieces.

Inventory:

Hand Weapons
 a - a +0 flail
 b - a +0 hunting sling (weapon)
Missiles
 k - 147 stones (quivered)
 q - 2 needles of confusion
Armour
 n - a +1 robe (worn)
Jewellery
 i - a ring of flight (left hand)
 m - an amulet of the gourmand (around neck)
Scrolls
 p - 2 scrolls of remove curse
 r - a scroll of enchant weapon {unknown}
 s - a scroll of fog {unknown}
 v - a scroll of noise {unknown}
Potions
 f - 2 potions of ambrosia {unknown}
 g - a potion of lignification {unknown}
 h - a potion of heal wounds {unknown}
 l - a potion of haste
 o - 2 potions of curing
 t - a potion of degeneration {unknown}
 u - a potion of resistance {unknown}
Books
 j - a book of Air

   Spells                             Type                      Level
   a - Shock                          Conjuration/Air              1
   b - Swiftness                      Charms/Air                   2
   c - Static Discharge               Conjuration/Air              3
   d - Airstrike                      Air                          4
   e - Lightning Bolt                 Conjuration/Air              5
Comestibles
 c - 4 bread rations
 d - 3 fruits


   Skills:
 + Level 1.8 Fighting
 - Level 2.1 Dodging
 - Level 2.0 Stealth
 + Level 2.9 Spellcasting
 * Level 4.9 Conjurations
 * Level 5.7 Air Magic


You couldn't memorise any spells.
You knew the following spells:

 Your Spells              Type           Power        Failure   Level  Hunger
a - Shock                 Conj/Air       ###.         1%          1    None
b - Swiftness             Chrm/Air       ##......     8%          2    ##.....
c - Static Discharge      Conj/Air       ###.....     5%          3    ###....
d - Airstrike             Air            ###.......   16%         4    ####...


Dungeon Overview and Level Annotations

Branches:
Dungeon (4/15)             Temple (1/1) D:4

Altars:
Ashenzari
Cheibriados
Dithmenos
Elyvilon
Fedhas
Gozag
Kikubaaqudgha
Makhleb
Okawaru
Qazlal
Ru
Sif Muna
Trog
Uskayaw
Xom
Yredelemnul
Zin
The Shining One

Annotations:
D:4 Grinder


Innate Abilities, Weirdness & Mutations

You have a beak for a mouth.
You have claws for feet.
You can fly.


Message History

Grinder misses you. The worker ant bites you.
You are poisoned.
The worker ant poisons you!
Unknown command.
Casting: Airstrike
Confirm with . or Enter, or press ? or * to list all spells.
Grinder is struck by lightning.
Grinder is moderately wounded.
The lightning arcs!
You are struck by lightning.
The lightning arcs!
Grinder is struck by lightning.
Grinder is heavily wounded.
The lightning arcs!
You are struck by lightning.
The lightning grounds out.
The worker ant is struck by lightning.
The worker ant is lightly wounded.
The lightning arcs!
You are struck by lightning.
* * * LOW HITPOINT WARNING * * *
The lightning grounds out.
You feel sick. Grinder hits you!
* * * LOW HITPOINT WARNING * * *
You writhe in agony.
You die...

.# #.# #.# #.#
#######...####.#
.###.#####.# ...
#...####.#
...........#.#.##
#........#
############....
#...###### . .#.
#...######
###############..)......
........!..[..#....####.
.#...#5..#...#..........
.......@a...............
.#...#...#...#..........
..........?...#>...####.
# #############...>.(...
#..a#### #...#
#...######
#####.......#.
######.......###.#.


You could see Grinder and a worker ant.

Vanquished Creatures
  2 orc priests (D:3)
  An orc wizard (D:3)
  2 worker ants (D:4)
  3 adders
  A howler monkey skeleton (D:4)
  A worm (D:2)
  A leopard gecko (D:1)
  4 orcs
  7 giant cockroaches
  5 goblins
  8 hobgoblins
  5 jackals (D:1)
  A ball python (D:1)
  5 bats
  2 frilled lizards (D:1)
  4 kobolds
  3 rats
55 creatures vanquished.

Notes
Turn   | Place    | Note
-------+----------+-------------------------------------------
     0 | D:1      | vatarom the Tengu Air Elementalist began the quest for the Orb.
     0 | D:1      | Reached XP level 1. HP: 10/10 MP: 4/4
   144 | D:1      | Reached XP level 2. HP: 8/15 MP: 0/6
   277 | D:1      | Learned a level 2 spell: Swiftness
  1002 | D:1      | Reached XP level 3. HP: 19/19 MP: 5/7
  1364 | D:2      | Learned a level 3 spell: Static Discharge
  1846 | D:2      | Found a glowing golden altar of the Shining One.
  2046 | D:3      | Reached XP level 4. HP: 21/24 MP: 2/8
  2303 | D:3      | Reached skill level 1 in Fighting
  2303 | D:3      | Reached skill level 5 in Air Magic
  2425 | D:3      | Found a sacrificial altar of Ru.
  2432 | D:3      | Gained mutation: You can fly. [Tengu growth]
  2432 | D:3      | Reached XP level 5. HP: 27/29 MP: 1/9
  2951 | D:4      | Found a staircase to the Ecumenical Temple.
  2957 | Temple   | Entered the Ecumenical Temple
  3441 | D:4      | Reached XP level 6. HP: 26/35 MP: 5/11
  3478 | D:4      | Noticed Grinder
  3598 | D:4      | Learned a level 4 spell: Airstrike
  3606 | D:4      | Paralysed by Grinder for 6 turns
  3740 | D:4      | Paralysed by Grinder for 6 turns
  3747 | D:4      | HP: 1/35 [Grinder (7)]
  3747 | D:4      | Slain by Grinder

Skill      XL: |  1  2  3  4 |
---------------+-------------+-----
Conjurations   | 2 3 4 |  4.9
Fighting       | 1 |  1.8
Air Magic      | 5 |  5.7
Dodging        | |  2.1
Stealth        | |  2.0
Spellcasting   | |  2.9

Action                   |  1- 3 |  4- 6 || total
-------------------------+-------+-------++-------
Melee: Club              |    11 |       ||    11
       Kick              |     2 |     2 ||     4
       Peck              |     3 |       ||     3
       Flail             |     2 |     9 ||    11
 Fire: Hunting sling     |     5 |     6 ||    11
 Cast: Shock             |    60 |    49 ||   109
       Static Discharge  |       |     3 ||     3
       Airstrike         |       |     1 ||     1
  Use: Scroll            |     5 |     1 ||     6
       Potion            |       |     1 ||     1
 Stab: Sleeping          |       |     1 ||     1
  Eat: Chunk             |     5 |     8 ||    13
       Fruit             |     1 |       ||     1
Armor: Robe              |     4 |     6 ||    10
Dodge: Dodged            |    32 |    20 ||    52
